 Dungeon Crawl Stone Soup version 0.30.1-11-g7821555f0a (webtiles) character file.

Game seed: 5900981543855781658

70 atomiclemming the Thaumaturge (level 4, -1/32 HPs)
             Began as a Gnoll Wanderer on Nov 14, 2023.
             Was an Initiate of Ru.
             Slain by a cerulean imp
             ... wielding a +1 spear
             ... summoned by Natasha
              (2 damage)
             ... on level 2 of the Dungeon.
             The game lasted 00:21:01 (1727 turns).

atomiclemming the Thaumaturge (Gnoll Wanderer)      Turns: 1727, Time: 00:21:01

Health: -1/32      AC:  8    Str:  8 (10) XL:     4   Next: 22%
Magic:  15/15      EV: 10    Int: 10 (11) God:    Ru [......]
Gold:   73         SH:  0    Dex: 12 (15) Spells: 20/21 levels left

rFire   . . .        g - +2 mace (drain)
rCold   . . .        (no shield)
rNeg    . . .        n - +1 ring mail
rPois   .            o - +2 hat
rElec   .            (no cloak)
rCorr   .            (no gloves)
SInv    .            (no boots)
Will    .....        (no amulet)
Stlth   +            (no ring)
HPRegen 0.25/turn    (no ring)
MPRegen 0.14/turn

%: no passive effects
@: no status effects
A: fangs 1, strong nose, distributed training
a: Renounce Religion, Sacrifice Skill, Sacrifice Essence, Sacrifice Health,
Reject Sacrifices


You were on level 2 of the Dungeon.
You worshipped Ru.
Ru was noncommittal.
You visited 1 branch of the dungeon, and saw 2 of its levels.

You collected 73 gold pieces.

Inventory:

Hand Weapons
 a - a +1 dagger
 d - a +0 dagger
 g - a +2 mace of draining (weapon)
 j - a +0 war axe
 u - a +0 whip of flaming
 w - a +0 battleaxe
Missiles
 b - 8 boomerangs (quivered)
 p - 5 poisoned darts
 v - 14 stones
Armour
 e - a +0 robe
 m - a +0 hat
 n - a +1 ring mail (worn)
 o - a +2 hat (worn)
Magical Staves
 i - a staff of fire
Scrolls
 h - a scroll of fear
 k - a scroll of vulnerability
 l - a scroll of silence
 q - a scroll of fog {unknown}
Potions
 c - a potion of invisibility
 f - a potion of resistance


   Skills:
 + Level 1.1 Fighting
 + Level 1.1 Short Blades
 + Level 1.1 Long Blades
 + Level 1.1 Axes
 + Level 1.1 Maces & Flails
 + Level 1.1 Polearms
 + Level 1.1 Staves
 + Level 1.1 Ranged Weapons
 + Level 2.7 Throwing
 + Level 2.7 Armour
 + Level 1.1 Dodging
 + Level 1.1 Stealth
 + Level 1.1 Shields
 + Level 8.5 Unarmed Combat
 + Level 9.3 Spellcasting
 + Level 0.9 Conjurations
 + Level 0.9 Hexes
 + Level 0.9 Summonings
 + Level 0.9 Necromancy
 + Level 0.9 Translocations
 + Level 0.9 Transmutations
 + Level 0.9 Fire Magic
 + Level 0.9 Ice Magic
 + Level 0.9 Air Magic
 + Level 0.9 Earth Magic
 + Level 0.9 Poison Magic
 + Level 1.2 Invocations
 + Level 1.1 Evocations


You had 20 spell levels left.
You knew the following spells:

 Your Spells              Type           Power      Damage    Failure   Level
a - Sandblast             Erth           12%        2d6       28%         1

Your spell library contained the following spells:

 Spells                   Type           Power      Damage    Failure   Level
 Stone Arrow              Conj/Erth      12%        3d7       65%         3


Dungeon Overview and Level Annotations

Branches:
Dungeon (2/15)

Altars:
Ru

Annotations:
D:2 Natasha


Innate Abilities, Weirdness & Mutations

You have very sharp teeth.
Your uncanny sense of smell can sniff out nearby items.
Your experience applies equally to all skills.


Message History

The quokka closely misses you. The quokka attacks as you move away!
The quokka bites you but does no damage.
The quokka attacks as you move away! The quokka bites you.
The cerulean imp hits you but does no damage.
Natasha casts a spell.
The quokka bites you.
* * * LOW HITPOINT WARNING * * *
The cerulean imp closely misses you.
Natasha casts a spell.
The quokka attacks as you move away! The quokka closely misses you.
You hit the quokka but do no damage. You drain the quokka.
You kill the quokka!
The cerulean imp hits you but does no damage. x2
The cerulean imp hits you from afar with a +0 spear.
* * * LOW HITPOINT WARNING * * *
The cerulean imp hits you from afar with a +2 spear.
* * * LOW HITPOINT WARNING * * *
The cerulean imp hits you but does no damage.
The cerulean imp barely misses you. The cerulean imp closely misses you.
As you read the scroll labelled JEHUAP ONES, it crumbles to dust.
You assume a fearsome visage.
The cerulean imp looks frightened!
Natasha looks frightened!
The cerulean imp looks frightened!
The cerulean imp easily resists.
It was a scroll of fear.
The cerulean imp hits you but does no damage.
The cerulean imp hits you but does no damage.
The cerulean imp hits you with a +1 spear.
* * * LOW HITPOINT WARNING * * *
You sock the cerulean imp!
The cerulean imp is heavily wounded.
The cerulean imp hits you but does no damage. x2
You barely miss the cerulean imp.
You bite the cerulean imp, but do no damage.
The cerulean imp is heavily wounded.
The cerulean imp hits you with a +1 spear.
* * * LOW HITPOINT WARNING * * *
You barely miss the cerulean imp. Your bite misses the cerulean imp.
The cerulean imp is heavily wounded.
The cerulean imp hits you with a +1 spear.
You die...

#.....#.############# #.##
#.###.#.............# ##..##
#.###.#############.####)....
#รท#...#############.##....)..
#.#.#.##...............#.._..
#.#.#.##.......#...#.#.#.....
#.....##.............#.......
#.....##.....................
#.#.#.##....@5.......#.###...
#.#.#.##.......#...#.#.# ####
#.#.#.##.............#.#
#.#.#.################.#
##.#.#.###### #<....#
#...........#######.#####
#.##..#.###......##.#
#.##..#.###.####.##.#
#.##................#


You could see a cerulean imp (summoned).

Vanquished Creatures
  Natasha (D:2)
  An adder (D:2)
  2 dart slugs
  5 endoplasms
  A giant cockroach (D:1)
  3 goblins
  2 hobgoblins (D:1)
  2 quokkas (D:2)
  3 ball pythons
  7 bats
  A frilled lizard (D:2)
  7 rats
35 creatures vanquished.

Notes
Turn   | Place    | Note
-------+----------+-------------------------------------------
     0 | D:1      | Reached skill level 9 in Spellcasting
     0 | D:1      | atomiclemming the Gnoll Wanderer began the quest for the
                  | Orb.
     0 | D:1      | atomiclemming set off with the following items: a +0
                  | dagger, 8 boomerangs, 2 potions of invisibility, a scroll
                  | of teleportation, a +0 robe; and the following spell
                  | memorised: Sandblast; and the following spells available to
                  | memorise: Stone Arrow.
     0 | D:1      | Reached XP level 1. HP: 13/13 MP: 10/10
   211 | D:1      | Reached XP level 2. HP: 16/19 MP: 12/12
  1008 | D:2      | Reached XP level 3. HP: 25/25 MP: 13/13
  1092 | D:2      | Found a faded altar of an unknown god.
  1131 | D:2      | Reached skill level 1 in Invocations
  1243 | D:2      | Noticed Natasha
  1400 | D:2      | Prayed at the altar of an unknown god.
  1400 | D:2      | Became a worshipper of Ru the Awakened
  1452 | D:2      | Killed Natasha
  1453 | D:2      | Reached skill level 1 in Fighting
  1453 | D:2      | Reached skill level 1 in Short Blades
  1453 | D:2      | Reached skill level 1 in Long Blades
  1453 | D:2      | Reached skill level 1 in Axes
  1453 | D:2      | Reached skill level 1 in Maces & Flails
  1453 | D:2      | Reached skill level 1 in Polearms
  1453 | D:2      | Reached skill level 1 in Staves
  1453 | D:2      | Reached skill level 1 in Ranged Weapons
  1453 | D:2      | Reached skill level 1 in Dodging
  1453 | D:2      | Reached skill level 1 in Stealth
  1453 | D:2      | Reached skill level 1 in Shields
  1453 | D:2      | Reached skill level 1 in Evocations
  1453 | D:2      | Reached XP level 4. HP: 30/32 MP: 15/15
  1693 | D:2      | Noticed Natasha
  1726 | D:2      | HP: 1/32 [cerulean imp/+1 spear[Natasha] (2)]
  1727 | D:2      | Slain by a cerulean imp

Illustrated notes

Levels and vault maps discovered:
D:1:      dpeg_arrival_ratfight, layout_basic, serial_bayou,
          serial_bayou_pond_c, serial_bayou_crossing, serial_bayou_pond_d,
          serial_bayou_pond_e
D:2:      layout_loops_cross, ebering_ecumenical_altar_sacrificial, uniq_natasha

Skill      XL: |  1  2  3 |
---------------+----------+-----
Spellcasting   | |  9.3
Invocations    | 1 |  1.2
Fighting       | 1 |  1.1
Short Blades   | 1 |  1.1
Long Blades    | 1 |  1.1
Axes           | 1 |  1.1
Maces & Flails | 1 |  1.1
Polearms       | 1 |  1.1
Staves         | 1 |  1.1
Ranged Weapons | 1 |  1.1
Dodging        | 1 |  1.1
Stealth        | 1 |  1.1
Shields        | 1 |  1.1
Evocations     | 1 |  1.1
Throwing       | |  2.7
Armour         | |  2.7
Unarmed Combat | |  8.5
Conjurations   | |  0.9
Hexes          | |  0.9
Summonings     | |  0.9
Necromancy     | |  0.9
Translocations | |  0.9
Transmutations | |  0.9
Fire Magic     | |  0.9
Ice Magic      | |  0.9
Air Magic      | |  0.9
Earth Magic    | |  0.9
Poison Magic   | |  0.9

Action                     |  1- 3 |  4- 6 || total
---------------------------+-------+-------++-------
  Melee: Dagger            |    37 |       ||    37
         War axe           |    80 |       ||    80
         Bite              |    23 |     1 ||    24
         Punch             |     5 |       ||     5
         Whip              |    27 |       ||    27
         Mace              |       |     8 ||     8
    Use: Scroll            |     7 |     1 ||     8
         Potion            |     4 |       ||     4
   Stab: Sleeping          |     1 |       ||     1
 Armour: Robe              |     8 |       ||     8
         Ring mail         |    54 |    15 ||    69
  Dodge: Dodged            |    78 |     8 ||    86
